 Dungeon Crawl Stone Soup version 0.25-a0-670-g50981ef59b (webtiles) character file.

Game seed: 17217129487694970916, levelgen mode: deterministic

142 Kohma the Cutter (level 5, -1/33 HPs)
             Began as a Kobold Berserker on Mar 29, 2020.
             Was a Believer of Trog.
             Slain by a river rat (6 damage)
             ... in a sewer.
             The game lasted 00:07:01 (3328 turns).

Kohma the Cutter (Kobold Berserker)                 Turns: 3328, Time: 00:07:02

Health: -1/33      AC:  8    Str: 14    XL:     5   Next: 49%
Magic:  5/5        EV: 16    Int:  8    God:    Trog [**....]
Gold:   89         SH:  0    Dex: 16    Spells: 4/4 levels left

rFire    + . .     SeeInvis .   i - +0 dagger (holy)
rCold    . . .     Gourm    .   (shield restricted)
rNeg     . . .     Faith    .   l - +1 leather armour {rF+}
rPois    .         Spirit   .   (no helmet)
rElec    .         Reflect  .   (no cloak)
rCorr    .         Harm     .   q - +2 pair of gloves
MR       .....                  h - +0 pair of boots
Stlth    ++........             (no amulet)
HPRegen  0.11/turn              (no ring)
MPRegen  0.09/turn              (no ring)

@: no status effects
A: small, carnivore
a: Berserk, Trog's Hand, Renounce Religion


You were in a sewer.
You worshipped Trog.
Trog was pleased with you.
You were very full.

You visited 1 branch of the dungeon, and saw 3 of its levels.
You also visited: Sewer.

You collected 89 gold pieces.

Inventory:

Hand Weapons
 a - a +0 short sword
 i - a +0 dagger of holy wrath (weapon)
Missiles
 f - 2 atropa-tipped darts (quivered)
 k - 14 bolts
Armour
 h - a +0 pair of boots (worn)
 l - a +1 leather armour of fire resistance (worn)
 q - a +2 pair of gloves (worn)
Scrolls
 b - 2 scrolls of teleportation
 o - a scroll of remove curse
Potions
 g - a potion of mutation
 n - a potion of curing {unknown}
Comestibles
 c - 6 rations
 d - 2 chunks of flesh


   Skills:
 + Level 3.8 Fighting
 * Level 5.3 Short Blades
 - Level 1.5 Armour
 * Level 3.9 Dodging
 * Level 3.6 Stealth


You had 4 spell levels left.
You didn't know any spells.
Your spell library was empty.

Dungeon Overview and Level Annotations

Branches:
Dungeon (3/15)              Sewer (1/1)

Altars:
Fedhas
Qazlal
Uskayaw


Innate Abilities, Weirdness & Mutations

You are small and have problems with some larger weapons.
You are carnivorous and can eat meat at any time.


Message History

You are too injured to fight recklessly!
You are too injured to fight recklessly!
You are too injured to fight recklessly!
You are too injured to fight recklessly!
You are too injured to fight recklessly!
You are too injured to fight recklessly!
You are too injured to fight recklessly!
You are too injured to fight recklessly!
You are too injured to fight recklessly!
You hit the river rat but do no damage.
The river rat is lightly wounded.
The river rat bites you.
You hit the river rat but do no damage.
The river rat is lightly wounded.
The river rat bites you.
* * * LOW HITPOINT WARNING * * *
You hit the river rat.
The river rat is heavily wounded.
The river rat bites you.
You die...

≈##### ≈≈# ≈≈≈≈≈#######
≈.≈ #≈≈≈....## ≈≈≈
###### #≈≈≈.≈≈≈.# #≈.
#.≈≈≈†###..≈≈≈.≈.####≈.
#r@≈≈≈####.≈≈.##≈≈.
#.≈≈≈.##### ##..≈.≈...
###### ##≈≈≈...≈
#.≈≈≈≈.. #≈≈≈≈.≈.
#≈....≈. #≈......
#≈≈.≈≈..≈ #..≈≈##≈.≈


You could see a river rat.

Vanquished Creatures
  4 adders
  3 gnolls (D:2)
  A river rat (D:3)
  4 worms
  5 leopard geckos
  4 giant cockroaches
  4 goblins
  5 hobgoblins
  2 ball pythons
  8 bats (D:1)
  7 frilled lizards
  3 kobolds (D:1)
  9 rats
59 creatures vanquished.

Notes
Turn   | Place    | Note
-------+----------+-------------------------------------------
     0 | D:1      | Kohma the Kobold Berserker began the quest for the Orb.
     0 | D:1      | Reached XP level 1. HP: 14/14 MP: 1/1
   264 | D:1      | Reached skill level 1 in Stealth
   264 | D:1      | Reached XP level 2. HP: 18/19 MP: 2/2
   931 | D:1      | Reached XP level 3. HP: 23/23 MP: 3/3
   946 | D:1      | Reached ** piety under Trog
  1341 | D:2      | Found a blossoming altar of Fedhas.
  1343 | D:2      | Found a stormy altar of Qazlal.
  1658 | D:2      | Reached XP level 4. HP: 20/28 MP: 4/4
  1897 | D:2      | Found a hide-covered altar of Uskayaw.
  2350 | D:2      | Reached skill level 5 in Short Blades
  2355 | D:2      | Reached XP level 5. HP: 13/33 MP: 5/5
  3147 | D:3      | Found a glowing drain.
  3230 | Sewer    | Entered a sewer
  3328 | Sewer    | Slain by a river rat

Levels and vault maps discovered:
D:1:      dpeg_arrival_solitude, layout_basic
D:2:      layout_basic, grunt_temple_overflow_forces_of_nature,
          eat_drink_and_be_merry_uskayaw, first_ration, guppyfry_early_lair_pool
D:3:      layout_rooms, lightli_sewer_entry_pipes
Sewer:    sewer_co_tree

Skill      XL: |  1  2  3  4 |
---------------+-------------+-----
Stealth        | 1 2 3 |  3.6
Dodging        | 3 |  3.9
Short Blades   | 5 |  5.3
Fighting       | |  3.8
Armour         | |  1.5

Action                   |  1- 3 |  4- 6 || total
-------------------------+-------+-------++-------
Melee: Short sword       |    45 |       ||    45
       Dagger            |   140 |   168 ||   308
Throw: Dart              |    11 |    14 ||    25
Invok: Berserk           |       |     2 ||     2
       Trog's Hand       |       |     1 ||     1
  Use: Scroll            |       |     7 ||     7
 Stab: Invisible         |     4 |     6 ||    10
       Sleeping          |       |     5 ||     5
  Eat: Chunk             |    11 |     7 ||    18
Armor: Animal skin       |    38 |       ||    38
       Leather armour    |       |    18 ||    18
Dodge: Dodged            |   166 |    77 ||   243

Table legend:
 A = Non-vault XP
 B = Vault XP
 C = Vault XP percentage of total XP
 D = Non-vault monster count
 E = Vault monster count
 F = Vault count percentage of total count
                 A         B        C        D         E       F
            +---------+---------+-------+---------+---------+-------
      Total |     162 |      41 |  20.2 |      51 |       8 |  13.6
            +---------+---------+-------+---------+---------+-------
        D:1 |      41 |       0 |   0.0 |      26 |       0 |   0.0
        D:2 |     120 |       0 |   0.0 |      24 |       0 |   0.0
        D:3 |       1 |      40 |  97.6 |       1 |       7 |  87.5
      Sewer |       0 |       1 | 100.0 |       0 |       1 | 100.0
            +---------+---------+-------+---------+---------+-------
